 Dungeon Crawl Stone Soup version 0.27.0-1-g7a089689b8 (webtiles) character file.

Game seed: 6933785802360594497

133 zarnack the Shield-Bearer (level 4, -24/41 HPs)
             Began as a Minotaur Fighter on Aug 10, 2021.
             Annihilated by a two-headed ogre (27 damage)
             ... on level 8 of the Dungeon.
             The game lasted 00:05:29 (1379 turns).

zarnack the Shield-Bearer (Minotaur Fighter)        Turns: 1379, Time: 00:05:31

Health: -24/41     AC:  7    Str: 22    XL:     4   Next: 94%
Magic:  3/3        EV:  8    Int:  5    God:
Gold:   87         SH:  9    Dex:  9    Spells: 3/3 levels left

rFire    . . .     SeeInvis .   a - +0 long sword
rCold    . . .     Faith    .   c - +0 kite shield
rNeg     . . .     Spirit   .   b - +0 scale mail
rPois    .         Reflect  .   (helmet restricted)
rElec    .         Harm     .   (no cloak)
rCorr    .         Rampage  .   (no gloves)
Will     .....                  (no boots)
Stlth    ..........             (no amulet)
HPRegen  0.13/turn              (no ring)
MPRegen  0.08/turn              (no ring)

@: no status effects
A: horns 2, retaliatory headbutt
a: no special abilities


You were on level 8 of the Dungeon.
You visited 1 branch of the dungeon, and saw 8 of its levels.

You collected 87 gold pieces.

Inventory:

Hand Weapons
 a - a +0 long sword (weapon)
 l - a +0 falchion
 m - a +0 shortbow
Armour
 b - a +0 scale mail (worn)
 c - a +0 kite shield (worn)
 p - a +0 scale mail
Jewellery
 f - an amulet of regeneration
Scrolls
 g - a scroll of noise {unknown}
 h - a scroll of teleportation {unknown}
 i - a scroll of brand weapon {unknown}
 j - a scroll of identify {unknown}
 n - a scroll of enchant armour {unknown}
Potions
 d - a potion of might
 e - a potion of haste {unknown}
 k - 2 potions of heal wounds {unknown}
 o - a potion of flight {unknown}


   Skills:
 + Level 4.3 Fighting
 + Level 3.9 Long Blades
 + Level 4.3 Armour
 + Level 1.2 Dodging
 + Level 0.1 Stealth
 + Level 4.7 Shields


You had 3 spell levels left.
You didn't know any spells.
Your spell library contained the following spells:

 Spells                   Type           Power      Damage    Failure   Level
 Corona                   Hex            0%         N/A       99%         1
 Ensorcelled Hibernation  Hex/Ice        0%         N/A       100%        2
 Tukima's Dance           Hex            0%         N/A       100%        3


Dungeon Overview and Level Annotations

Branches:
Dungeon (8/15)
 Temple: D:4-7         Lair: D:8-11

Altars:


Innate Abilities, Weirdness & Mutations

You have a pair of horns on your head.
You reflexively headbutt those who attack you in melee.


Message History

The centaur skeleton closely misses you.
You riposte.
You hit the centaur skeleton.
The centaur skeleton is almost destroyed.
You block the centaur skeleton's attack.
You slash the centaur skeleton!
You destroy the centaur skeleton!
You see here a +0 shortbow.
m - a +0 shortbow HP restored.
Found a stone staircase leading down.
There is a stone staircase leading down here.
You climb downwards.
Found a scroll labelled BUL YZIPERUETT and a smoky blue potion.
There is a stone staircase leading up here.
n - a scroll labelled BUL YZIPERUETT
o - a smoky blue potion
There are no items here.
Found a scale mail.
You see here a +0 scale mail.
p - a +0 scale mail
Found a stone staircase leading up.
A two-headed ogre comes into view.
It is wielding a +0 giant spiked club and a +0 giant club.
The two-headed ogre shouts in stereo!
A centaur comes into view.
A wyvern comes into view.
The wyvern hisses angrily.
The centaur shouts!
The centaur wields a +0 shortbow.
The centaur shoots an arrow.
The arrow hits you.
The two-headed ogre hits you with a +0 giant spiked club.
The two-headed ogre hits you with a +0 giant club!
The centaur shoots an arrow.
The arrow hits you.
* * * LOW HITPOINT WARNING * * *
You barely miss the two-headed ogre.
Your headbutt misses the two-headed ogre.
The centaur shoots an arrow.
The arrow hits you!
* * * LOW HITPOINT WARNING * * *
The two-headed ogre closely misses you.
The two-headed ogre hits you with a +0 giant club!!
Ouch! That really hurt!
You die...

#.####.........
###......#.....
##...######.... .
#....# ......
###....# .....
#......# ....
###....## .l...
#......#####..c...
#.##.....##@.......
## ##.......O...###
##......<...#
#..........#
#..#.......#
#..###...#### #..#
##### ...## #..


You could see a two-headed ogre, a wyvern and a centaur.

Vanquished Creatures
  A hound (D:6)
  A centaur skeleton (D:7)
  An orc wizard (D:5)
  An adder (D:2)
  A dart slug (D:4)
  2 orcs (D:5)
  4 bats
  3 endoplasms (D:1)
  A giant cockroach (D:1)
  3 goblins (D:1)
  4 hobgoblins
  3 quokkas
  2 ball pythons (D:1)
  3 frilled lizards (D:1)
  6 kobolds
  2 rats (D:1)
38 creatures vanquished.

Notes
Turn   | Place    | Note
-------+----------+-------------------------------------------
     0 | D:1      | zarnack the Minotaur Fighter began the quest for the Orb.
     0 | D:1      | Reached XP level 1. HP: 19/19 MP: 0/0
   123 | D:1      | Reached XP level 2. HP: 27/27 MP: 1/1
   425 | D:1      | Reached XP level 3. HP: 29/33 MP: 2/2
  1142 | D:5      | Entered Level 5 of the Dungeon
  1256 | D:5      | Reached skill level 1 in Dodging
  1256 | D:5      | Reached XP level 4. HP: 40/40 MP: 3/3
  1375 | D:8      | Noticed a two-headed ogre
  1376 | D:8      | Noticed a centaur
  1377 | D:8      | Noticed a wyvern
  1379 | D:8      | Annihilated by a two-headed ogre

Illustrated notes

Levels and vault maps discovered:
D:1:      evilmike_arrival_crescent, layout_basic, minmay_misc_feat_four_crosses
D:2:      layout_rooms, basic_altar, st_stairs_12, uniq_robin
D:3:      layout_rooms, grunt_gozag_breadcrumbs, gammafunk_ghost_mausoleum
D:4:      layout_basic, interstate_on_off, hangedman_minor_gate_pass
D:5:      layout_loops_ring, mainiacjoe_overflow_alcove_2, bloody_makhleb
D:6:      layout_rooms, minmay_temple_entry_ruins, st_stairs_1,
          water_maze_lemuel
D:7:      layout_loops_ring, mainiacjoe_overflow_big_doors
D:8:      layout_layer_cave, chequers_temple_overflow_minitemple

Skill      XL: |  1  2  3 |
---------------+----------+-----
Long Blades    | 3 |  3.9
Armour         | 4 |  4.3
Fighting       | 4 |  4.3
Shields        | 4 |  4.7
Dodging        | 1 |  1.2
Stealth        | |  0.1

Action                   |  1- 3 |  4- 6 || total
-------------------------+-------+-------++-------
Melee: Long sword        |    56 |     7 ||    63
       Headbutt          |     7 |     2 ||     9
Armor: Scale mail        |    23 |     3 ||    26
Dodge: Dodged            |    25 |     5 ||    30
Block: Kite shield       |    37 |     6 ||    43
       Rpst.: Long sword |     8 |     1 ||     9
